TOP OF THE 1ST |
Grand Junction Rockies batting - Pitching for Philadelphia (APP) Phillies : RHP Pablo Medina
|
Pitching: RHP Pablo Medina
|
|
Batting: RHB Juan Figueroa
|
0-0: Ball 1-0: Ball 2-0: Foul Ball, location: 2F 2-1: Foul Ball, location: 2F 2-2: Foul Ball, location: 2F 2-2: Ball 3-2: Ground out 4-3 (Groundball, 4S, EV 68.8 MPH)
|
Batting: LHB Luke Coulter
|
0-0: Ball 1-0: Ground out 1-3 (Groundball, 13S, EV 69.4 MPH)
|
Batting: LHB Michael Krott
|
0-0: SINGLE (Line Drive, 7S, EV 105.0 MPH)
|
Batting: SHB Jeff Sorrels
|
0-0: Ball 1-0: Ball Pickoff Throw to First - Out! 1-3
|
Top of the 1st over - 0 runs, 1 hit, 0 errors, 0 left on base; Grand Junction 0 - Philadelphia (APP) 0 |
BOTTOM OF THE 1ST |
Philadelphia (APP) Phillies batting - Pitching for Grand Junction Rockies : RHP Jerry Dunne
|
Pitching: RHP Jerry Dunne
|
|
Batting: LHB Matt Urbanek
|
0-0: Ball 1-0: Called Strike 1-1: Called Strike 1-2: Strikes out swinging
|
Batting: RHB Tony Perez
|
0-0: Called Strike 0-1: Fly out, F9 (Flyball, 9, EV 91.9 MPH)
|
Batting: RHB Danny Habermehl
|
0-0: Ball 1-0: Ball 2-0: SOLO HOME RUN (Flyball, 8RXD, EV 111.2 MPH), Distance : 434 ft
|
Batting: RHB Trent Hedrick
|
0-0: Ball 1-0: Ball 2-0: Foul Ball, location: 2F 2-1: Foul Ball, location: 2F 2-2: Ball 3-2: SOLO HOME RUN (Flyball, 7D, EV 95.0 MPH), Distance : 360 ft
|
Batting: RHB Mike Bell
|
0-0: Foul Ball, location: 2F 0-1: Ball 1-1: Swinging Strike 1-2: Foul Ball, location: 2F 1-2: Ground out 6-3 (Groundball, 6, EV 83.8 MPH)
|
Bottom of the 1st over - 2 runs, 2 hits, 0 errors, 0 left on base; Grand Junction 0 - Philadelphia (APP) 2 |
TOP OF THE 2ND |
Grand Junction Rockies batting - Pitching for Philadelphia (APP) Phillies : RHP Pablo Medina
|
Batting: SHB Jeff Sorrels
|
0-0: DOUBLE (Line Drive, 8RXD, EV 105.0 MPH)
|
Batting: LHB Harry Folsom
|
0-0: Swinging Strike 0-1: Swinging Strike 0-2: Strikes out swinging
|
Batting: RHB John Stevenson
|
0-0: Ball 1-0: Called Strike 1-1: Foul Ball, location: 2F 1-2: Foul Ball, location: 2F 1-2: Hit by Pitch
|
Batting: SHB Jamie Mims
|
0-0: Ball 1-0: Swinging Strike 1-1: Called Strike 1-2: Ball 2-2: Foul Ball, location: 2F 2-2: Grounds into double play, 4-6-3 (Groundball, 4, EV 105.6 MPH)
|
Top of the 2nd over - 0 runs, 1 hit, 0 errors, 1 left on base; Grand Junction 0 - Philadelphia (APP) 2 |
BOTTOM OF THE 2ND |
Philadelphia (APP) Phillies batting - Pitching for Grand Junction Rockies : RHP Jerry Dunne
|
Batting: RHB Zach Slot
|
0-0: Called Strike 0-1: Called Strike 0-2: Ball 1-2: SOLO HOME RUN (Flyball, 9D, EV 96.9 MPH), Distance : 366 ft
|
Batting: LHB Emilio Ortez
|
0-0: Ball 1-0: Called Strike 1-1: Foul Ball, location: 2F 1-2: Ball 2-2: Foul Ball, location: 2F 2-2: Ball 3-2: Strikes out swinging
|
Batting: RHB Guan-pei Gao
|
0-0: Ball 1-0: Fly out, F4 (Popup, 4S, EV 83.8 MPH)
|
Batting: RHB Gary Sampson
|
0-0: Ball 1-0: SINGLE (Groundball, 6MD, EV 106.2 MPH)
|
Batting: LHB Matt Urbanek
|
0-0: Ball 1-0: Ground out 4-3 (Groundball, 4, EV 81.2 MPH)
|
Bottom of the 2nd over - 1 run, 2 hits, 0 errors, 1 left on base; Grand Junction 0 - Philadelphia (APP) 3 |
TOP OF THE 3RD |
Grand Junction Rockies batting - Pitching for Philadelphia (APP) Phillies : RHP Pablo Medina
|
Batting: RHB Ray Insley
|
0-0: Ball 1-0: Ball 2-0: Foul Ball, location: 2F 2-1: Fly out, F7 (Flyball, 7, EV 88.8 MPH)
|
Batting: RHB Randy Breitbart
|
0-0: Ground out 5-3 (Groundball, 56, EV 81.9 MPH)
|
Batting: RHB Juan Figueroa
|
0-0: Called Strike 0-1: Ground out 1-3 (Groundball, P, EV 70.0 MPH)
|
Top of the 3rd over - 0 runs, 0 hits, 0 errors, 0 left on base; Grand Junction 0 - Philadelphia (APP) 3 |
BOTTOM OF THE 3RD |
Philadelphia (APP) Phillies batting - Pitching for Grand Junction Rockies : RHP Jerry Dunne
|
Batting: RHB Tony Perez
|
0-0: Ball 1-0: Ball 2-0: Fly out, F9 (Flyball, 9LS, EV 90.0 MPH)
|
Batting: RHB Danny Habermehl
|
0-0: Ball 1-0: Ground out 5-3 (Groundball, 56, EV 107.5 MPH)
|
Batting: RHB Trent Hedrick
|
0-0: Ball 1-0: Hit by Pitch
|
Batting: RHB Mike Bell
|
0-0: Ball 1-0: Ball 2-0: Ball 3-0: Base on Balls Trent Hedrick to second
|
Batting: RHB Zach Slot
|
0-0: Ball 1-0: Ball 2-0: Foul Ball, location: 2F 2-1: Ball 3-1: Base on Balls Trent Hedrick to third Mike Bell to second
|
Batting: LHB Emilio Ortez
|
0-0: Ball 1-0: Ball 2-0: SINGLE (Line Drive, 4MD, EV 99.4 MPH) Trent Hedrick scores Mike Bell to third Zach Slot to second Runner from 3rd tries for Home, SAFE, throw by CF to home
|
Pitching: RHP Lorenzo Pacheco
|
|
Batting: RHB Guan-pei Gao
|
0-0: Foul Ball, location: 2F 0-1: DOUBLE (Flyball, 78XD, EV 108.1 MPH) Zach Slot scores Emilio Ortez to third
|
Batting: RHB Gary Sampson
|
0-0: Called Strike 0-1: Swinging Strike 0-2: Strikes out swinging
|
Bottom of the 3rd over - 3 runs, 2 hits, 0 errors, 2 left on base; Grand Junction 0 - Philadelphia (APP) 6 |
TOP OF THE 4TH |
Grand Junction Rockies batting - Pitching for Philadelphia (APP) Phillies : RHP Pablo Medina
|
Batting: LHB Luke Coulter
|
0-0: SINGLE (Groundball, 56D, EV 97.5 MPH)
|
Batting: LHB Michael Krott
|
0-0: SINGLE (Line Drive, 34, EV 99.4 MPH) Luke Coulter to second
|
Batting: SHB Jeff Sorrels
|
0-0: Ball 1-0: Foul Ball, location: 2F 1-1: Fly out, F8 (Flyball, 8LD, EV 109.4 MPH)
|
Batting: LHB Harry Folsom
|
0-0: Ball 1-0: Called Strike 1-1: Foul Ball, location: 2F 1-2: Foul Ball, location: 2F 1-2: Ball 2-2: Ball 3-2: Ground out 6-3 (Groundball, 6D, EV 105.0 MPH) Luke Coulter to third Michael Krott to second
|
Batting: RHB John Stevenson
|
0-0: Called Strike 0-1: Ball 1-1: Ball 2-1: Ball 3-1: Foul Ball, location: 2F 3-2: Foul Ball, location: 2F 3-2: Foul Ball, location: 2F 3-2: Foul Ball, location: 2F 3-2: Foul Ball, location: 2F 3-2: Base on Balls
|
Batting: SHB Jamie Mims
|
0-0: Ball 1-0: SINGLE (Groundball, 34D, EV 98.1 MPH) Luke Coulter scores Michael Krott to third John Stevenson to second Runner from 3rd tries for Home, SAFE, throw by RF to home
|
Now in RF: Jesse Haught
|
|
Batting: RHB Ray Insley
|
0-0: Fly out, F8 (Flyball, 8RD, EV 105.6 MPH)
|
Top of the 4th over - 2 runs, 3 hits, 0 errors, 2 left on base; Grand Junction 2 - Philadelphia (APP) 6 |
BOTTOM OF THE 4TH |
Philadelphia (APP) Phillies batting - Pitching for Grand Junction Rockies : RHP Lorenzo Pacheco
|
Batting: LHB Jesse Haught
|
0-0: Ground out U3 (Groundball, 34, EV 85.6 MPH)
|
Batting: RHB Tony Perez
|
0-0: Foul Ball, location: 2F 0-1: Ball 1-1: Foul Ball, location: 2F 1-2: Foul Ball, location: 2F 1-2: DOUBLE (Line Drive, 7LD, EV 108.8 MPH)
|
Batting: RHB Danny Habermehl
|
0-0: Ball Tony Perez steals 3rd, throwing error, E2 Tony Perez scores 1-0: Called Strike 1-1: Foul Ball, location: 2F 1-2: Ball 2-2: Strikes out swinging
|
Batting: RHB Trent Hedrick
|
0-0: Ball 1-0: Ball 2-0: Ball 3-0: Base on Balls
|
Batting: RHB Mike Bell
|
0-0: Swinging Strike 0-1: Swinging Strike 0-2: Ball 1-2: Foul Ball, location: 2F 1-2: Foul Ball, location: 2F 1-2: Foul Ball, location: 2F 1-2: Ball 2-2: Fly out, F9 (Flyball, 9D, EV 105.6 MPH)
|
Bottom of the 4th over - 1 run, 1 hit, 1 error, 1 left on base; Grand Junction 2 - Philadelphia (APP) 7 |
TOP OF THE 5TH |
Grand Junction Rockies batting - Pitching for Philadelphia (APP) Phillies : RHP Pablo Medina
|
Batting: RHB Randy Breitbart
|
0-0: Ball 1-0: Ball 2-0: SINGLE (Groundball, 6MD, EV 96.2 MPH)
|
Batting: RHB Juan Figueroa
|
0-0: Ball 1-0: Ball 2-0: SINGLE (Groundball, 4MS, EV 83.8 MPH) (infield hit) Randy Breitbart to second
|
Batting: LHB Luke Coulter
|
0-0: Ball 1-0: Ball 2-0: Called Strike 2-1: Fielders Choice at 2nd, 4-6 (Groundball, 4M, EV 90.6 MPH) Randy Breitbart to third
|
Batting: LHB Michael Krott
|
0-0: Foul Ball, location: 2F 0-1: Ball 1-1: SINGLE (Line Drive, 7S, EV 105.0 MPH) Randy Breitbart scores Luke Coulter to second
|
Batting: SHB Jeff Sorrels
|
0-0: Ball 1-0: Ball 2-0: Called Strike 2-1: Ball 3-1: Base on Balls Luke Coulter to third Michael Krott to second
|
Pitching: RHP Manny Campos
|
|
Batting: LHB Harry Folsom
|
0-0: Ball 1-0: Called Strike 1-1: Ball 2-1: Ball 3-1: SINGLE (Line Drive, 34D, EV 103.1 MPH) Luke Coulter scores Michael Krott to third Jeff Sorrels to second Runner from 3rd tries for Home, SAFE, throw by RF to home
|
Batting: RHB John Stevenson
|
0-0: Ball 1-0: Foul Ball, location: 2F 1-1: Ball 2-1: Ball 3-1: SINGLE (Groundball, 6MD, EV 98.8 MPH) Jeff Sorrels to third Harry Folsom to second Runner from 3rd tries for Home, SAFE, throw by CF to home
|
Batting: SHB Jamie Mims
|
0-0: Swinging Strike 0-1: SINGLE (Groundball, 4MD, EV 100.6 MPH) Harry Folsom to third John Stevenson to second
|
Batting: RHB Ray Insley
|
0-0: Grounds into double play, 6-4-3 (Groundball, 6M, EV 109.4 MPH)
|
Top of the 5th over - 4 runs, 6 hits, 0 errors, 2 left on base; Grand Junction 6 - Philadelphia (APP) 7 |
BOTTOM OF THE 5TH |
Philadelphia (APP) Phillies batting - Pitching for Grand Junction Rockies : RHP Lorenzo Pacheco
|
Batting: RHB Zach Slot
|
0-0: Called Strike 0-1: Ground out 6-3 (Groundball, 6M, EV 93.1 MPH)
|
Pitching: RHP Josh Blaschke
|
|
Batting: LHB Emilio Ortez
|
0-0: Called Strike 0-1: Ball 1-1: Foul Ball, location: 2F 1-2: Strikes out looking
|
Batting: RHB Guan-pei Gao
|
0-0: DOUBLE (Line Drive, 7LD, EV 105.0 MPH)
|
Batting: RHB Gary Sampson
|
0-0: Called Strike 0-1: Swinging Strike 0-2: Foul Ball, location: 2F 0-2: Ball 1-2: Foul Ball, location: 2F 1-2: Ball 2-2: Strikes out swinging
|
Bottom of the 5th over - 0 runs, 1 hit, 0 errors, 1 left on base; Grand Junction 6 - Philadelphia (APP) 7 |
TOP OF THE 6TH |
Grand Junction Rockies batting - Pitching for Philadelphia (APP) Phillies : RHP Manny Campos
|
Batting: RHB Randy Breitbart
|
0-0: Swinging Strike 0-1: Foul Ball, location: 2F 0-2: SINGLE (Groundball, 56D, EV 98.8 MPH)
|
Batting: RHB Juan Figueroa
|
0-0: Foul Ball, location: 2F 0-1: SINGLE (Groundball, 56D, EV 81.9 MPH) (infield hit) Randy Breitbart to second
|
Batting: LHB Luke Coulter
|
0-0: Foul Ball, location: 2F 0-1: Swinging Strike 0-2: Ball 1-2: Ball 2-2: Foul Ball, location: 2F 2-2: Ball 3-2: Fly out, F4 (Line Drive, 4, EV 74.4 MPH)
|
Batting: LHB Michael Krott
|
0-0: Ball 1-0: 3-RUN HOME RUN (Flyball, 89XD, EV 105.6 MPH), Distance : 399 ft
|
Pitching: RHP Lance Brisson
|
|
Batting: SHB Jeff Sorrels
|
0-0: Called Strike 0-1: Ball 1-1: Foul Ball, location: 2F 1-2: Foul Ball, location: 2F 1-2: SINGLE (Groundball, 6M, EV 105.6 MPH)
|
Batting: LHB Harry Folsom
|
0-0: Ball 1-0: Fly out, F7 (Line Drive, 7D, EV 98.1 MPH)
|
Batting: RHB John Stevenson
|
0-0: Ball 1-0: Foul Ball, location: 2F 1-1: Ground out 4-3 (Groundball, 4S, EV 62.5 MPH)
|
Top of the 6th over - 3 runs, 4 hits, 0 errors, 1 left on base; Grand Junction 9 - Philadelphia (APP) 7 |
BOTTOM OF THE 6TH |
Philadelphia (APP) Phillies batting - Pitching for Grand Junction Rockies : RHP Josh Blaschke
|
Batting: LHB Jesse Haught
|
0-0: Swinging Strike 0-1: Swinging Strike 0-2: Foul Ball, location: 2F 0-2: Ball 1-2: Fly out, F9 (Flyball, 9LM, EV 98.1 MPH)
|
Batting: RHB Tony Perez
|
0-0: SINGLE (Flyball, 6MD, EV 90.6 MPH)
|
Batting: RHB Danny Habermehl
|
0-0: Called Strike Pickoff Throw to First - Error! E1 Tony Perez to second 0-1: Ball 1-1: Ball 2-1: Ball 3-1: Foul Ball, location: 2F 3-2: Base on Balls
|
Pitching: RHP Gorgonio Sigua
|
|
Batting: RHB Trent Hedrick
|
0-0: Called Strike 0-1: Ball 1-1: Ball 2-1: Ball 3-1: Base on Balls Tony Perez to third Danny Habermehl to second
|
Batting: RHB Mike Bell
|
0-0: Called Strike 0-1: Foul Ball, location: 2F 0-2: Foul Ball, location: 2F 0-2: Strikes out looking
|
Batting: RHB Zach Slot
|
0-0: Ball 1-0: Ball 2-0: Ball 3-0: Base on Balls Tony Perez scores Danny Habermehl to third Trent Hedrick to second
|
Batting: LHB Emilio Ortez
|
0-0: Ball 1-0: Called Strike 1-1: Ball 2-1: Ground out 4-3 (Groundball, 4, EV 96.2 MPH)
|
Bottom of the 6th over - 1 run, 1 hit, 1 error, 3 left on base; Grand Junction 9 - Philadelphia (APP) 8 |
TOP OF THE 7TH |
Grand Junction Rockies batting - Pitching for Philadelphia (APP) Phillies : RHP Lance Brisson
|
Batting: SHB Jamie Mims
|
0-0: Foul Ball, location: 2F 0-1: Ball 1-1: Ball 2-1: Ground out U3 (Groundball, 3L, EV 79.4 MPH)
|
Batting: RHB Ray Insley
|
0-0: Ball 1-0: Ground out 6-3 (Groundball, 6, EV 80.0 MPH)
|
Batting: RHB Randy Breitbart
|
0-0: Ball 1-0: Ball 2-0: Ground out 4-3 (Groundball, 34D, EV 85.6 MPH)
|
Top of the 7th over - 0 runs, 0 hits, 0 errors, 0 left on base; Grand Junction 9 - Philadelphia (APP) 8 |
BOTTOM OF THE 7TH |
Philadelphia (APP) Phillies batting - Pitching for Grand Junction Rockies : RHP Gorgonio Sigua
|
Pitching: RHP Zi-cheng Zhou
|
|
Now at 3B: Willie Benito
|
|
Now in LF: Ray Insley
|
|
Batting: RHB Guan-pei Gao
|
0-0: Ball 1-0: Called Strike 1-1: Foul Ball, location: 2F 1-2: Ball 2-2: Ball 3-2: Base on Balls
|
Batting: RHB Gary Sampson
|
0-0: Ball 1-0: Ball 2-0: Foul Ball, location: 2F 2-1: SINGLE (Groundball, 6MD, EV 106.2 MPH) Guan-pei Gao to second Runner from 2nd tries for 3rd, SAFE, throw by CF made to third Gary Sampson to second
|
Batting: LHB Jesse Haught
|
0-0: Swinging Strike 0-1: Ball Wild Pitch! Guan-pei Gao scores Gary Sampson to third 1-1: Foul Ball, location: 2F 1-2: Ball 2-2: Strikes out swinging
|
Batting: RHB Tony Perez
|
0-0: Ball 1-0: Ball 2-0: Foul Ball, location: 2F 2-1: Foul Ball, location: 2F 2-2: Foul Ball, location: 2F 2-2: Foul Ball, location: 2F 2-2: Ball 3-2: Foul Ball, location: 2F 3-2: DOUBLE (Line Drive, 89XD, EV 103.1 MPH) Gary Sampson scores
|
Batting: RHB Danny Habermehl
|
0-0: Called Strike 0-1: Foul Ball, location: 2F 0-2: DOUBLE (Groundball, 5L, EV 110.6 MPH) Tony Perez scores
|
Pitching: RHP Bobby Servin
|
|
Batting: RHB Trent Hedrick
|
0-0: Ball 1-0: Foul Ball, location: 2F 1-1: Foul Ball, location: 2F 1-2: Ball 2-2: Ball 3-2: Foul Ball, location: 2F 3-2: Reached on error, E5 (Groundball, 25, EV 83.8 MPH) Danny Habermehl scores
|
Batting: RHB Mike Bell
|
0-0: Called Strike 0-1: Called Strike 0-2: Ball 1-2: Foul Ball, location: 2F 1-2: Ball 2-2: Strikes out looking
|
Batting: RHB Zach Slot
|
0-0: Called Strike 0-1: Foul Ball, location: 2F 0-2: Ball 1-2: Ball 2-2: Foul Ball, location: 2F 2-2: Strikes out swinging
|
Bottom of the 7th over - 4 runs, 3 hits, 1 error, 1 left on base; Grand Junction 9 - Philadelphia (APP) 12 |
TOP OF THE 8TH |
Grand Junction Rockies batting - Pitching for Philadelphia (APP) Phillies : RHP Lance Brisson
|
Batting: RHB Juan Figueroa
|
0-0: Ball 1-0: Foul Ball, location: 2F 1-1: Swinging Strike 1-2: SINGLE (Line Drive, 8RS, EV 92.5 MPH)
|
Pitching: LHP Andy Huguet
|
|
Batting: LHB Luke Coulter
|
0-0: SINGLE (Groundball, 34D, EV 99.4 MPH) Juan Figueroa to second Runner from 2nd tries for 3rd, SAFE, throw by RF made to third
|
Pitching: RHP Ramon Mena
|
|
Pinch Hitting: LHB Jason Ryan
|
0-0: Ball 1-0: Ball 2-0: Grounds into double play, 4-6-3 (Groundball, 4, EV 87.5 MPH) Juan Figueroa scores
|
Batting: SHB Jeff Sorrels
|
0-0: Ball 1-0: Ball 2-0: Ball 3-0: Called Strike 3-1: Base on Balls
|
Batting: LHB Harry Folsom
|
0-0: Foul Ball, location: 2F 0-1: Ball Wild Pitch! Jeff Sorrels to second 1-1: Swinging Strike 1-2: DOUBLE (Flyball, 8RXD, EV 96.9 MPH) Jeff Sorrels scores
|
Batting: RHB John Stevenson
|
0-0: Ball 1-0: Ball 2-0: Called Strike 2-1: Fly out, F7 (Flyball, 7D, EV 73.1 MPH)
|
Top of the 8th over - 2 runs, 3 hits, 0 errors, 1 left on base; Grand Junction 11 - Philadelphia (APP) 12 |
BOTTOM OF THE 8TH |
Philadelphia (APP) Phillies batting - Pitching for Grand Junction Rockies : RHP Bobby Servin
|
Now at 3B: John Boyer
|
|
Batting: LHB Emilio Ortez
|
0-0: Ground out 5-3 (Groundball, 56, EV 103.1 MPH)
|
Batting: RHB Guan-pei Gao
|
0-0: Swinging Strike 0-1: Foul Ball, location: 2F 0-2: Ball 1-2: Fly out, F3 (Popup, 3S, EV 81.9 MPH)
|
Batting: RHB Gary Sampson
|
0-0: Called Strike 0-1: Ball 1-1: Foul Ball, location: 2F 1-2: Foul Ball, location: 2F 1-2: Ball 2-2: Foul Ball, location: 2F 2-2: Foul Ball, location: 2F 2-2: SOLO HOME RUN (Flyball, 78XD, EV 105.0 MPH), Distance : 401 ft
|
Batting: LHB Jesse Haught
|
0-0: Ball 1-0: Swinging Strike 1-1: Ground out 4-3 (Groundball, 4M, EV 89.4 MPH)
|
Bottom of the 8th over - 1 run, 1 hit, 0 errors, 0 left on base; Grand Junction 11 - Philadelphia (APP) 13 |
TOP OF THE 9TH |
Grand Junction Rockies batting - Pitching for Philadelphia (APP) Phillies : RHP Ramon Mena
|
Batting: SHB Jamie Mims
|
0-0: Ground out 4-3 (Groundball, 4M, EV 83.1 MPH)
|
Batting: RHB Ray Insley
|
0-0: Ball 1-0: Foul Ball, location: 2F 1-1: Ball 2-1: Ball 3-1: Base on Balls
|
Batting: RHB Randy Breitbart
|
0-0: Ball 1-0: Fielders Choice at 2nd, 1-6 (Groundball, 13S, EV 63.8 MPH)
|
Batting: RHB Juan Figueroa
|
0-0: Ball 1-0: Ball 2-0: Foul Ball, location: 2F 2-1: Foul Ball, location: 2F 2-2: Fielders Choice at 2nd, 6-4 (Groundball, 6, EV 96.9 MPH)
|
Top of the 9th over - 0 runs, 0 hits, 0 errors, 1 left on base; Grand Junction 11 - Philadelphia (APP) 13 |
|